 Dungeon Crawl Stone Soup version 0.31-a0-150-g89dc3ad700 (webtiles) character file.

Game seed: 970358333679727113

1374 qw the Skirmisher (level 8, -6/71 HPs)
             Began as a Minotaur Hunter on June 8, 2023.
             Was an Initiate of Okawaru.
             Mangled by a scorpion (7 damage)
             ... on level 6 of the Dungeon.
             The game lasted 00:02:20 (4718 turns).

qw the Skirmisher (Minotaur Hunter)                 Turns: 4718, Time: 00:02:20

Health: -6/71      AC:  5    Str: 22    XL:     8   Next: 39%
Magic:  7/7        EV: 12    Int:  6    God:    Okawaru [......]
Gold:   175        SH:  0    Dex: 16    Spells: 7/7 levels left

rFire   . . .        c - +0 orcbow
rCold   . . .        (shield currently unavailable)
rNeg    . . .        h - +0 ring mail
rPois   .            (helmet restricted)
rElec   .            (no cloak)
rCorr   .            (no gloves)
SInv    .            (no boots)
Will    .....        (no amulet)
Stlth   +            e - +6 ring of strength
HPRegen 0.31/turn    (no ring)
MPRegen 0.10/turn

%: no passive effects
@: about to teleport, weakened
A: horns 2, retaliatory headbutt
a: Renounce Religion


You were on level 6 of the Dungeon.
You worshipped Okawaru.
Okawaru was noncommittal.
You visited 2 branches of the dungeon, and saw 7 of its levels.
You also visited: Sewer.

You collected 221 gold pieces.
You spent 46 gold pieces at shops.


Innate Abilities, Weirdness & Mutations

You have a pair of horns on your head.
You reflexively headbutt those who attack you in melee.


   Skills:
 + Level 6.8 Fighting
 - Level 10.0 Ranged Weapons
 - Level 3.0 Armour
 - Level 3.0 Dodging
 - Level 0.7 Stealth


You had 7 spell levels left.
You didn't know any spells.
Your spell library was empty.

Inventory:

Hand Weapons
 c - a +0 orcbow (weapon)
Armour
 h - a +0 ring mail (worn)
Jewellery
 e - a +6 ring of strength (left hand)
 j - a ring of fire
Scrolls
 a - a scroll of identify
Potions
 d - 2 potions of curing
 f - a potion of might
 g - a potion of mutation
 l - a potion of haste

Dungeon Overview and Level Annotations

Branches:
Dungeon (6/15)             Temple (1/1) D:6           Sewer (visited)

Altars:
Ashenzari
Cheibriados
Dithmenos
Elyvilon
Fedhas
Hepliaklqana
Makhleb
Okawaru
Qazlal
Sif Muna
Trog
Uskayaw
Vehumet
Xom
Yredelemnul
Zin

Shops:
D:3 *   D:5 =


Message History

A scorpion comes into view.
The gnoll hits you from afar with a +0 heavy halberd!!
You shoot an arrow. The arrow hits the gnoll.
You kill the gnoll!
Okawaru accepts your kill. The gnoll closely misses you.
The gnoll bouda gazes fiercely through you!
You feel your attacks grow feeble.
You shoot an arrow. The arrow hits the gnoll.
The gnoll is moderately wounded.
The gnoll hits you but does no damage.
The gnoll bouda gazes fiercely through you!
You feel as though you will be weak longer.
The gnoll hits you but does no damage. x2
You shoot an arrow. The arrow hits the gnoll!
The gnoll is almost dead.
The gnoll completely misses you.
The gnoll hits you from afar with a +0 heavy halberd!!
The gnoll hits you from afar with a +0 spear!
4716 ||| READING scroll of teleportation.
As you read the scroll of teleportation, it crumbles to dust.
You feel strangely unstable. The gnoll hits you with a +0 flail.
The gnoll hits you from afar with a +0 heavy halberd.
The gnoll hits you from afar with a +0 spear.
The gnoll bouda gazes fiercely through you!
You feel as though you will be weak longer.
The gnoll bouda closely misses you. You furiously retaliate!
You headbutt the gnoll bouda. You shoot an arrow. The arrow hits the gnoll.
You kill the gnoll!
Okawaru accepts your kill. The gnoll completely misses you.
The gnoll bouda calls upon its god to heal the gnoll.
The gnoll is healed somewhat.
You shoot an arrow.
The arrow hits the gnoll bouda but does no damage.
The gnoll bouda is lightly wounded.
The scorpion stings you!
You die...

##...$.....#
..............
............
.####.........#
.......#......#
......#ggg..#
#......gs..#...
#....)@.......
##..##.##...##.
##.......##.##
##.#.#.P.P...#
#.#....###.##...##
#......P#...#P...#
##. #.....>.......
#.#...##..P#...#P###.
#..........##.####


You could see a gnoll bouda, a scorpion and 3 gnolls.

Vanquished Creatures
  Grinder (D:4)
  Eustachio (D:4)
  Menkaure (D:5)
  Duvessa (D:5)
  2 ogres
  2 scorpions
  Dowan (D:5)
  2 hounds (D:5)
  A jelly (D:5)
  2 iguanas (D:5)
  An orc wizard (D:3)
  Robin (D:4)
  5 gnolls
  8 adders
  4 river rats (Sewer)
  A white imp (D:5)
  2 ufetubi
  6 worms
  A dart slug (D:4)
  4 orcs
  4 bats
  7 endoplasms
  4 giant cockroaches
  16 goblins
  10 hobgoblins
  4 jackals (D:1)
  3 quokkas
  16 ball pythons
  12 frilled lizards
  2 kobolds (D:4)
  16 rats
141 creatures vanquished.

Notes
Turn   | Place    | Note
-------+----------+-------------------------------------------
     0 | D:1      | qw the Minotaur Hunter began the quest for the Orb.
     0 | D:1      | Reached XP level 1. HP: 18/18 MP: 0/0
     0 | D:1      | 0 ||| qw: Version: 0.2-a-120-gdf1a93b
     0 | D:1      | 0 ||| qw: Game counter: 3009
     0 | D:1      | 0 ||| qw: Always use a shield: true
     0 | D:1      | 0 ||| qw: God list: Okawaru
     0 | D:1      | 0 ||| qw: Allow faded altars: false
     0 | D:1      | 0 ||| qw: Do Orc after D:15 true
     0 | D:1      | 0 ||| qw: Do second Lair branch before Depths: true
     0 | D:1      | 0 ||| qw: Lair rune preference: random
     0 | D:1      | 0 ||| qw: Plans: Normal
     0 | D:1      | 0 ||| PLANNING D:1-11
    84 | D:1      | Reached XP level 2. HP: 25/25 MP: 1/1
    96 | D:1      | Reached skill level 5 in Ranged Weapons
   216 | D:1      | Found a faded altar of an unknown god.
   279 | D:1      | Reached skill level 3 in Fighting
   474 | D:1      | 474 ||| UPGRADING to +6 ring of strength.
   475 | D:1      | 475 ||| READING 5 scrolls labelled WOSYURPHAWNE.
   476 | D:1      | 476 ||| READING scroll labelled FAOSCHU XEOBI.
   477 | D:1      | 477 ||| READING scroll labelled MUCLEH DABLUM.
   478 | D:1      | 478 ||| READING 4 scrolls of identify.
   478 | D:1      | 478 ||| IDENTIFYING viscous black potion
   479 | D:1      | 479 ||| READING 3 scrolls of identify.
   479 | D:1      | 479 ||| IDENTIFYING murky green potion
   480 | D:1      | 480 ||| DROPPING scroll of butterflies.
   523 | D:2      | Reached XP level 3. HP: 31/31 MP: 2/2
  1024 | D:2      | Reached XP level 4. HP: 38/38 MP: 3/3
  1130 | D:2      | Reached skill level 6 in Ranged Weapons
  1189 | D:2      | 1189 ||| UPGRADING to +0 ring mail.
  1199 | D:2      | 1199 ||| DROPPING +0 leather armour.
  1200 | D:2      | 1200 ||| READING scroll labelled ADATTE MIREI.
  1205 | D:2      | 1205 ||| READING scroll labelled MUEJERH TOUNE.
  1206 | D:2      | 1206 ||| READING 3 scrolls of identify.
  1206 | D:2      | 1206 ||| IDENTIFYING lumpy blue potion
  1207 | D:2      | 1207 ||| READING 2 scrolls of identify.
  1207 | D:2      | 1207 ||| IDENTIFYING purple potion
  1208 | D:2      | 1208 ||| DROPPING potion of enlightenment.
  1262 | D:3      | Reached skill level 1 in Armour
  1432 | D:3      | Found Riecs's Assorted Antiques.
  1438 | D:3      | 1438 ||| BUYING bubbling cyan potion (23 gold).
  1438 | D:3      | Bought a bubbling cyan potion for 23 gold pieces
  1438 | D:3      | 1438 ||| BUYING green potion (23 gold).
  1438 | D:3      | Bought a green potion for 23 gold pieces
  1438 | D:3      | 1438 ||| SHOPLISTING large silver amulet (130 gold, have
                  | 10).
  1438 | D:3      | 1438 ||| SHOPLISTING scroll of identify (52 gold, have 10).
  1438 | D:3      | 1438 ||| SHOPLISTING scroll of teleportation (78 gold, have
                  | 10).
  1438 | D:3      | 1438 ||| SHOPLISTING shiny moonstone ring (130 gold, have
                  | 10).
  1438 | D:3      | 1438 ||| SHOPLISTING square jade amulet (130 gold, have
                  | 10).
  1522 | D:3      | Reached XP level 5. HP: 46/46 MP: 4/4
  1527 | D:3      | 1527 ||| FLEEEEING.
  1677 | D:3      | Found a bloodstained altar of Trog.
  1994 | D:3      | 1994 ||| READING scroll labelled GOTHIL VESEMN.
  1995 | D:3      | 1995 ||| READING 3 scrolls of identify.
  1995 | D:3      | 1995 ||| IDENTIFYING bubbling cyan potion
  1996 | D:3      | 1996 ||| READING 2 scrolls of identify.
  1996 | D:3      | 1996 ||| IDENTIFYING green potion
  1997 | D:3      | 1997 ||| DROPPING potion of berserk rage.
  1998 | D:3      | 1998 ||| DROPPING potion of attraction.
  2206 | D:4      | Noticed Eustachio
  2222 | D:4      | Killed Eustachio
  2223 | D:4      | Reached skill level 7 in Ranged Weapons
  2223 | D:4      | Reached XP level 6. HP: 32/52 MP: 5/5
  2324 | D:4      | Reached skill level 8 in Ranged Weapons
  2350 | D:4      | Found a shadowy altar of Dithmenos.
  2350 | D:4      | Noticed a shadow
  2354 | D:4      | Found a hazy altar of Hepliaklqana.
  2442 | D:4      | Found a snail-covered altar of Cheibriados.
  2443 | D:4      | 2443 ||| READING scroll labelled RIOLAKKOA SEAFUISE.
  2444 | D:4      | 2444 ||| READING scroll labelled MUIGALO ATOEC.
  2484 | D:4      | 2484 ||| READING scroll labelled LOGO ENNEMECU.
  2485 | D:4      | 2485 ||| READING scroll labelled EBOHIOCVUP.
  2486 | D:4      | 2486 ||| READING scroll labelled GIXISK GAUBBUY.
  2536 | D:4      | Noticed Robin
  2548 | D:4      | HP: 12/53 [goblin/+2 dagger of freezing[Robin] (4)]
  2549 | D:4      | 2549 ||| DRINKING 2 potions of heal wounds.
  2551 | D:4      | Killed Robin
  2741 | D:4      | Noticed Grinder
  2741 | D:4      | Paralysed by Grinder for 2 turns
  2746 | D:4      | Killed Grinder
  2747 | D:4      | Reached skill level 6 in Fighting
  2747 | D:4      | Reached XP level 7. HP: 58/63 MP: 6/6
  2820 | D:4      | 2820 ||| READING 3 scrolls labelled NELU XAPOATI.
  2920 | D:4      | 2920 ||| DROPPING 2 scrolls of torment.
  2926 | D:5      | Entered Level 5 of the Dungeon
  2927 | D:5      | 2927 ||| PLANNING SEWER
  2962 | D:5      | Reached skill level 3 in Dodging
  3053 | D:5      | Noticed Duvessa
  3068 | D:5      | HP: 13/63 [Duvessa/+0 short sword (4)]
  3069 | D:5      | 3069 ||| DRINKING potion of heal wounds.
  3078 | D:5      | Killed Duvessa
  3078 | D:5      | Noticed Dowan
  3079 | D:5      | 3079 ||| FLEEEEING.
  3191 | D:5      | Killed Dowan
  3238 | D:5      | Found Minoarph's One-of-a-Kind Rings.
  3243 | D:5      | 3243 ||| SHOPLISTING +2 ring of protection (140 gold, have
                  | 108).
  3243 | D:5      | 3243 ||| SHOPLISTING +6 ring of protection (1092 gold, have
                  | 108).
  3243 | D:5      | 3243 ||| SHOPLISTING +8 ring of slaying (2800 gold, have
                  | 108).
  3243 | D:5      | 3243 ||| SHOPLISTING +8 ring of strength (770 gold, have
                  | 108).
  3243 | D:5      | 3243 ||| SHOPLISTING ring "Bubygad" {+Blink rCorr Int+6
                  | Slay+3} (954 gold, have 108).
  3243 | D:5      | 3243 ||| SHOPLISTING ring "Igur" {rElec MP+9 Str-5 Dex+2}
                  | (387 gold, have 108).
  3243 | D:5      | 3243 ||| SHOPLISTING ring of Ybunudim {MP+9 Str+2 Int-4
                  | Dex+8 Slay+3} (730 gold, have 108).
  3275 | D:5      | Reached skill level 9 in Ranged Weapons
  3286 | D:5      | Noticed Menkaure
  3292 | D:5      | Killed Menkaure
  3293 | D:5      | Reached skill level 3 in Armour
  3293 | D:5      | Reached XP level 8. HP: 70/70 MP: 7/7
  3330 | D:5      | 3330 ||| FLEEEEING.
  3331 | D:5      | 3331 ||| FLEEEEING.
  3349 | D:5      | 3349 ||| FLEEEEING.
  3355 | D:5      | 3355 ||| STAIRDANCE
  3392 | D:4      | 3392 ||| DROPPING +6 ring of intelligence.
  3418 | D:5      | Found a glowing drain.
  3427 | Sewer    | Entered a sewer
  3430 | Sewer    | 3430 ||| Stepping ~*~*~tactically~*~*~ (water).
  3466 | Sewer    | 3466 ||| Stepping ~*~*~tactically~*~*~ (water).
  3580 | Sewer    | 3580 ||| Stepping ~*~*~tactically~*~*~ (water).
  3624 | Sewer    | 3624 ||| Stepping ~*~*~tactically~*~*~ (water).
  3773 | Sewer    | 3773 ||| READING scroll labelled ZEWEUTIALO.
  3774 | Sewer    | 3774 ||| DRINKING 2 bubbling purple potions.
  3775 | Sewer    | 3775 ||| READING 2 scrolls of identify.
  3775 | Sewer    | 3775 ||| IDENTIFYING sedimented yellow potion
  3776 | Sewer    | 3776 ||| DROPPING potion of brilliance.
  3778 | Sewer    | 3778 ||| Stepping ~*~*~tactically~*~*~ (cloud).
  3915 | D:5      | 3915 ||| PLANNING D:1-11
  4156 | D:5      | Reached skill level 10 in Ranged Weapons
  4455 | D:5      | 4455 ||| SWAPPING to +0 orcbow.
  4460 | D:5      | 4460 ||| DROPPING +1 shortbow.
  4483 | D:5      | 4483 ||| READING 3 scrolls of identify.
  4483 | D:5      | 4483 ||| IDENTIFYING lumpy silvery potion
  4484 | D:5      | 4484 ||| READING 2 scrolls of identify.
  4484 | D:5      | 4484 ||| IDENTIFYING orange potion
  4485 | D:5      | 4485 ||| DROPPING potion of invisibility.
  4509 | D:6      | Found a staircase to the Ecumenical Temple.
  4510 | D:6      | 4510 ||| PLANNING TEMPLE
  4517 | Temple   | Entered the Ecumenical Temple
  4547 | Temple   | 4547 ||| PLANNING OKAWARU WORSHIP
  4677 | Temple   | Became a worshipper of Warmaster Okawaru
  4677 | Temple   | 4677 ||| PLANNING D:1-11
  4715 | D:6      | HP: 10/71 [gnoll/+0 spear[a gnoll bouda] (8)]
  4716 | D:6      | 4716 ||| READING scroll of teleportation.
  4716 | D:6      | HP: 4/71 [gnoll/+0 heavy halberd[a gnoll bouda] (4)]
  4716 | D:6      | HP: 1/71 [gnoll/+0 spear[a gnoll bouda] (3)]
  4718 | D:6      | Mangled by a scorpion

Levels and vault maps discovered:
D:1:      dpeg_arrival_orchard, layout_rooms, ebering_ecumenical_altar_webs,
          minmay_curled_crystal, amcnicky_mini_pool_small
D:2:      layout_loops_ring
D:3:      minmay_wonky_spiral, layout_loops_cross,
          mainiacjoe_overflow_six_doors_small, serial_shops, shop
D:4:      kennysheep_spiral_hall, layout_cave_pools,
          riverfiend_overflow_shadow_ancestor, cheibrodos_worm_habitat,
          uniq_grinder, uniq_eustachio, uniq_robin
D:5:      layout_rooms, cheibrodos_sewer_entry_drain, nicolae_sextant,
          amethyst_killhole, amcnicky_mini_corridor_feature,
          minmay_tree_intersection, nicolae_shop_unique_rings,
          kennysheep_generic_room_14, uniq_menkaure, uniq_duvessa
D:6:      layout_cave_pools, nicolae_overflow_hidden_temple,
          minmay_temple_entry_gardened_gates, ebering_ghost_disaster_area,
          serial_co_window_serial, co_window_corner_a,
          co_window_of_opportunity_a, co_window_of_opportunity_a,
          co_window_corner_a, co_window_corner_a, co_window_of_opportunity_c,
          co_window_of_opportunity_c, co_window_of_opportunity_c,
          co_window_paths_d, co_window_paths_e, glass_columns_b, glass_columns_a
Temple:   chequers_temple_sunken

Skill      XL: |  1  2  3  4  5  6  7  8 |
---------------+-------------------------+-----
Ranged Weapons | 5 6 7 8 9 10 | 10.0
Fighting       | 3 4 6 |  6.8
Armour         | 1 3 |  3.0
Dodging        | 3 |  3.0
Stealth        | |  0.7

Action                     |  1- 3 |  4- 6 |  7- 9 || total
---------------------------+-------+-------+-------++-------
   Fire: Shortbow          |   108 |   166 |   179 ||   453
         Orcbow            |       |       |    15 ||    15
    Use: Scroll            |     5 |    12 |     6 ||    23
         Potion            |       |     1 |     2 ||     3
 Armour: Leather armour    |    12 |       |       ||    12
         Ring mail         |       |    36 |    15 ||    51
  Dodge: Dodged            |    23 |    54 |    71 ||   148

Table legend:
 A = Non-vault XP
 B = Vault XP
 C = Vault XP percentage of total XP
 D = Non-vault monster count
 E = Vault monster count
 F = Vault count percentage of total count
                 A         B        C        D         E       F
            +---------+---------+-------+---------+---------+-------
      Total |     880 |    1083 |  55.2 |      85 |      56 |  39.7
            +---------+---------+-------+---------+---------+-------
        D:1 |      38 |       0 |   0.0 |      22 |       0 |   0.0
        D:2 |      65 |       0 |   0.0 |      19 |       0 |   0.0
        D:3 |     103 |       8 |   7.2 |      19 |       4 |  17.4
        D:4 |     167 |     588 |  77.9 |      11 |      18 |  62.1
        D:5 |     478 |     396 |  45.3 |      12 |       6 |  33.3
        D:6 |      29 |       0 |   0.0 |       2 |       0 |   0.0
      Sewer |       0 |      91 | 100.0 |       0 |      28 | 100.0
            +---------+---------+-------+---------+---------+-------
